Map: Cyber Forest LE

Players

Piroxiljin

  • Race: Terran Terran
  • Spawn Location: 11:00

A.I. 1 (Hard) - Winner!

  • Race: Terran Terran
  • Spawn Location: 5:00

VOD

Have the link to the VOD?

Description

Time

  • Played on: Jan. 27, 2019, 6:25 a.m.
  • Length: 19:40
Show
View Real Time Build Order
Export as new Build Order

Piroxiljin Terran 

Build Orders:  

Get SALT Encoding   

  12  0:01  SCV  
  13  0:15  SCV  
  14  0:28  Supply Depot  
  14  0:30  SCV  
  15  0:42  Refinery  
  15  0:50  SCV  
  15  0:54  Refinery  
  16  0:58  Barracks  
  16  1:02  SCV  
  17  1:04  Barracks  
  17  1:14  SCV  
  18  1:26  SCV  
  19  1:38  SCV  
  19  1:39  Supply Depot  
  20  1:51  Orbital Command  
  20  1:57  Factory  
  20  1:58  Barracks Tech Lab  
  20  2:22  Marine  
  21  2:40  Barracks  
  21  2:53  Siege Tank  
  21  2:55  Barracks Tech Lab  
  24  3:10  SCV  
  25  3:23  SCV, Marauder  
  25  3:24  Concussive Shells  
  28  3:29  Command Center  
  28  3:35  SCV  
  28  3:40  Barracks Tech Lab  
  28  3:41  Factory  
  29  3:49  SCV  
  29  3:52  Engineering Bay  
  30  4:01  SCV  
  31  4:33  Supply Depot  
  31  4:35  Supply Depot  
  31  4:36  Supply Depot  
  31  4:40  Siege Tank  
  31  4:41  Orbital Command  
  34  4:59  Supply Depot  
  34  5:02  Barracks Tech Lab  
  34  5:12  Marine  
  35  5:14  Cyclone x2  
  35  5:16  Mag-Field Accelerator  
  41  5:30  Marine  
  41  5:32  Terran Infantry Weapons Level 1  
  42  5:37  Armory  
  42  5:41  SCV  
  34  5:54  SCV  
  31  6:06  SCV  
  32  6:13  Cyclone x2  
  38  6:27  SCV x2  
  40  6:34  Marine x2  
  42  6:45  Cyclone, Siege Tank  
  48  6:51  Marine  
  48  6:52  Marine  
  50  7:10  Supply Depot, Marauder x2, Refinery x2  
  50  7:12  Supply Depot  
  50  7:14  Terran Vehicle Weapons Level 1  
  53  7:17  Cyclone  
  56  7:33  Supply Depot  
  56  7:49  Siege Tank  
  62  7:51  Siege Tank  
  62  8:14  Factory  
  62  8:27  Terran Infantry Armor Level 1  
  62  8:29  SCV  
  63  8:35  SCV  
  64  8:41  SCV  
  64  8:47  SCV  
  66  8:53  SCV  
  67  9:09  Barracks Tech Lab  
  67  9:11  Starport  
  67  9:15  Terran Vehicle And Ship Armor Level 1  
  67  9:17  SCV  
  67  9:20  SCV  
  60  9:30  SCV  
  43  9:32  SCV  
  43  9:37  Cyclone  
  47  10:10  Siege Tank x2  
  47  10:13  Missile Turret  
  53  10:37  SCV  
  54  10:49  SCV  
  55  11:01  SCV  
  56  11:07  Missile Turret, Barracks Tech Lab  
  56  11:13  SCV  
  56  11:14  Hi-Sec Auto Tracking  
  56  11:16  Terran Vehicle Weapons Level 2  
  57  11:28  Missile Turret  
  57  11:35  SCV, Factory  
  57  11:38  Marine  
  57  11:39  Marine  
  60  11:41  Cyclone x2  
  66  11:47  SCV  
  66  11:48  Missile Turret  
  67  11:57  Marauder  
  67  11:59  SCV  
  70  12:03  Command Center  
  70  12:11  SCV  
  70  12:13  Siege Tank  
  74  12:19  Factory, Viking  
  76  12:24  SCV  
  77  12:35  Barracks Tech Lab  
  77  12:42  Missile Turret  
  77  13:05  Missile Turret  
  63  13:16  Thor x2  
  60  13:59  Cyclone x2  
  55  14:16  Viking  
  51  14:20  Factory Reactor  
  51  14:21  Factory Tech Lab  
  51  14:31  Cyclone x2  
  51  14:35  Missile Turret x2  
  51  14:38  Missile Turret  
  49  14:52  SCV  
  50  15:03  Cyclone x2  
  50  15:04  SCV  
  57  15:34  Cyclone x2  
  57  15:35  Thor x2  
  75  15:46  Marine x2  
  77  15:55  Barracks  
  77  15:56  Barracks x2  
  77  15:57  Terran Infantry Weapons Level 2  
  77  16:04  Marine x2  
  77  16:05  Barracks  
  77  16:06  Thor  
  85  16:15  SCV, Refinery x2  
  86  16:18  Cyclone x2  
  86  16:22  Marine x2  
  94  16:27  SCV  
  94  16:29  Supply Depot x4  
  94  16:30  Supply Depot  
  83  16:39  SCV, Marine  
  84  16:40  Marine  
  82  16:51  SCV  
  58  16:56  Cyclone x2  
  58  16:59  Viking  
  58  17:00  Marine  
  51  17:18  Marine  
  41  17:26  Marine x3  
  40  17:34  Missile Turret  
  40  17:36  Missile Turret, Marine  
  33  17:38  Missile Turret  
  33  17:39  Missile Turret, Planetary Fortress  
  33  17:40  Missile Turret  
  28  17:53  Marine  
  27  18:04  Missile Turret x2  
  26  18:07  Missile Turret  
  15  18:40  SCV  
  16  18:50  Barracks  
  16  18:52  SCV  
  17  18:59  Barracks  
  14  19:04  SCV  
  15  19:12  Supply Depot x2  
  15  19:15  Supply Depot  
  15  19:17  Supply Depot  
  15  19:37  Supply Depot  
Show
View Real Time Build Order
Export as new Build Order

A.I. 1 (Hard) Terran - Winner!

Build Orders:  

Get SALT Encoding   

  12  0:00  SCV  
  13  0:13  SCV  
  14  0:20  Supply Depot  
  14  0:25  SCV  
  15  0:41  SCV  
  16  0:43  Barracks  
  16  0:49  Refinery  
  16  0:53  SCV  
  17  1:06  SCV  
  18  1:18  SCV  
  19  1:19  Supply Depot  
  19  1:30  SCV, Marine  
  21  1:41  Barracks  
  21  1:43  Orbital Command  
  21  1:49  Barracks Tech Lab, Refinery  
  21  2:07  Marine  
  22  2:08  Supply Depot  
  22  2:26  Marauder  
  22  2:27  Marine  
  25  2:45  Marine  
  25  2:47  Marauder  
  25  2:48  Supply Depot  
  28  2:56  SCV  
  29  3:03  Marine  
  30  3:08  SCV, Engineering Bay, Marauder  
  33  3:20  SCV  
  33  3:21  Marine  
  33  3:22  Supply Depot  
  35  3:29  Marine  
  35  3:32  SCV  
  37  3:45  SCV  
  37  3:48  Marauder  
  40  3:57  SCV  
  41  4:09  Marauder  
  43  4:52  Barracks Tech Lab  
  43  4:53  Stimpack, Marine  
  43  4:55  Factory  
  43  4:59  Factory  
  44  5:00  Supply Depot  
  44  5:10  Combat Shield  
  44  5:21  Terran Infantry Weapons Level 1  
  44  5:27  Missile Turret  
  44  5:34  Missile Turret  
  44  5:40  Widow Mine  
  44  5:42  Starport  
  42  5:44  Factory Tech Lab, Starport  
  42  5:46  Command Center, Marine  
  34  5:53  Marine  
  33  6:02  Factory Tech Lab  
  31  6:04  Marine  
  32  6:11  Marine  
  32  6:15  Siege Tank  
  36  6:20  Starport Tech Lab x2  
  36  6:23  Siege Tank  
  39  6:29  Concussive Shells, Marine  
  40  6:37  Marine  
  41  6:41  Bunker  
  41  6:47  Marine  
  42  6:55  Marauder  
  42  6:58  Raven, SCV  
  42  6:59  Widow Mine  
  42  7:00  SCV  
  50  7:06  Marauder, Refinery  
  50  7:08  Missile Turret  
  52  7:10  Missile Turret  
  52  7:11  SCV, Refinery  
  52  7:12  SCV  
  54  7:15  Terran Infantry Armor Level 1  
  54  7:16  Marauder  
  56  7:23  SCV  
  56  7:24  SCV  
  58  7:35  SCV, Raven  
  58  7:36  SCV  
  62  7:37  Bunker  
  62  7:47  SCV  
  62  7:48  SCV, Sensor Tower  
  64  7:59  SCV  
  64  8:00  SCV  
  64  8:02  Armory  
  66  8:11  SCV  
  67  8:14  SCV  
  67  8:17  Barracks  
  68  8:23  SCV  
  68  8:26  SCV  
  69  8:31  Supply Depot  
  69  8:35  SCV  
  69  8:38  SCV  
  71  8:45  Medivac  
  71  8:47  SCV, Viking  
  76  9:00  Supply Depot  
  76  9:04  Barracks Reactor  
  76  9:15  Banshee  
  79  9:19  Medivac  
  70  9:27  Fusion Core  
  63  9:39  Command Center  
  60  9:49  Medivac  
  59  9:58  Raven  
  61  10:19  Viking  
  63  10:40  Banshee  
  71  10:50  Battlecruiser  
  71  10:52  SCV  
  71  10:53  SCV  
  71  10:55  SCV  
  74  11:03  Refinery  
  74  11:04  SCV  
  74  11:06  SCV  
  74  11:08  SCV  
  74  11:11  Refinery, Terran Ship Weapons Level 1  
  77  11:14  Missile Turret  
  77  11:16  SCV, Missile Turret  
  78  11:18  SCV  
  78  11:20  SCV  
  78  11:24  Battlecruiser  
  86  11:28  SCV  
  86  11:29  Hi-Sec Auto Tracking  
  86  11:30  SCV  
  88  11:33  SCV  
  88  11:38  Bunker  
  89  11:40  SCV  
  89  11:41  Weapon Refit  
  89  11:43  SCV  
  89  11:44  Engineering Bay  
  89  11:45  SCV, Supply Depot  
  92  11:52  SCV  
  99  11:54  Battlecruiser  
  99  11:55  SCV  
  100  12:09  Ghost Academy  
  100  12:15  Armory  
  100  12:32  Marine  
  100  12:34  Supply Depot  
  100  12:35  Marine  
  102  12:38  Marine  
  102  12:41  Marine  
  104  12:51  Marauder  
  106  12:53  Marine  
  106  12:56  Marine  
  106  12:57  Siege Tank  
  111  12:59  Supply Depot, Marine  
  111  13:05  Terran Vehicle And Ship Armor Level 1, Terran Ship Weapons Level 2  
  111  13:11  Marine  
  111  13:12  Marine  
  103  13:14  Marine  
  103  13:17  Marine  
  102  13:20  SCV, Siege Tank  
  102  13:23  Terran Infantry Weapons Level 2  
  102  13:24  Supply Depot  
  103  13:28  Terran Infantry Armor Level 2  
  103  13:29  Marine x2  
  103  13:31  Marine  
  106  13:34  Marine  
  106  13:35  Siege Tank  
  110  13:46  Marine  
  110  13:47  Marine  
  112  13:49  Supply Depot  
  112  13:50  Marine  
  112  13:53  Marauder  
  112  13:54  Cyclone  
  118  14:04  Marine  
  118  14:05  Marine  
  118  14:11  Raven  
  118  14:14  Marauder  
  122  14:17  Supply Depot  
  122  14:22  Ghost  
  124  14:35  Ghost  
  124  14:38  Medivac  
  118  14:52  Marauder  
  120  14:53  Raven  
  120  14:59  Terran Vehicle Weapons Level 1  
  122  15:01  Command Center  
  122  15:04  Marauder  
  124  15:13  Marauder  
  126  15:21  Terran Vehicle And Ship Armor Level 2  
  125  15:42  Terran Infantry Weapons Level 3  
  125  15:45  Terran Infantry Armor Level 3  
  125  15:52  Rapid Reignition System  
  125  16:07  Marine  
  125  16:09  Marine  
  127  16:11  Marine  
  127  16:13  Marine  
  127  16:14  SCV  
  127  16:15  SCV  
  130  16:22  Refinery  
  130  16:23  Missile Turret  
  130  16:24  Marine  
  131  16:27  Missile Turret, Refinery, Marine  
  131  16:29  Marine  
  131  16:32  Marauder  
  131  16:43  Marauder  
  131  16:44  Marine  
  131  16:47  Marine  
  131  16:48  Bunker  
  131  16:53  Marauder, Terran Ship Weapons Level 3  
  128  18:14  Medivac  
Tags
 
Matchup
TvT
Race
Terran
Spawn Locations
Cross Positions
Add a new tag
Caveats
  • Supply blocks, unpowered buildings, or Contaminate may cause inaccurate times.
  • Supply counts are checked every 10 seconds.